 Dungeon Crawl Stone Soup version 0.28.0-53-g5a82cb258f (webtiles) character file.

Game seed: 2438429580294074745

105 MiltankisOP the Chopper (level 4, 0/39 HPs)
             Began as a Hill Orc Fighter on June 18, 2022.
             Succumbed to an adder's poison
             ... on level 3 of the Dungeon.
             The game lasted 00:02:40 (1600 turns).

MiltankisOP the Chopper (Hill Orc Fighter)          Turns: 1600, Time: 00:02:41

Health: 0/39       AC: 10    Str: 20    XL:     4   Next: 81%
Magic:  4/4        EV:  9    Int:  8    God:
Gold:   16         SH:  4    Dex: 10    Spells: 3/3 levels left

rFire   . . .      SeeInvis .   a - +0 war axe
rCold   . . .      Faith    .   c - +0 buckler
rNeg    . . .      Spirit   .   b - +0 scale mail
rPois   .          Reflect  .   (no helmet)
rElec   .          Harm     .   (no cloak)
rCorr   .          Rampage  .   (no gloves)
Will    .....                   (no boots)
Stlth   ..........              (no amulet)
HPRegen 0.13/turn               k - +4 ring of protection
MPRegen 0.09/turn               (no ring)

@: lethally poisoned (0 -> -4)
A: no striking features
a: no special abilities


You were on level 3 of the Dungeon.
You visited 1 branch of the dungeon, and saw 3 of its levels.

You collected 71 gold pieces.
You spent 55 gold pieces at shops.

Inventory:

Hand Weapons
 a - a +0 war axe (weapon)
Armour
 b - a +0 scale mail (worn)
 c - a +0 buckler (worn)
Jewellery
 k - a +4 ring of protection (left hand)
Scrolls
 g - 4 scrolls of identify
 h - a scroll of fog {unknown}
 i - a scroll of enchant armour {unknown}
 j - a scroll of amnesia
Potions
 d - a potion of might
 e - a potion of invisibility {unknown}
 f - a potion of curing {unknown}
 l - a potion of magic
 m - a potion of heal wounds {unknown}
 n - a potion of mutation {unknown}


   Skills:
 - Level 3.6 Fighting
 + Level 6.4 Axes
 - Level 3.2 Armour
 - Level 3.2 Shields


You had 3 spell levels left.
You didn't know any spells.
Your spell library contained the following spells:

 Spells                   Type           Power      Damage    Failure   Level
 Apportation              Tloc           0%         N/A       85%         1
 Alistair's Intoxication  Tmut/Pois      0%         N/A       100%        5


Dungeon Overview and Level Annotations

Branches:
Dungeon (3/15)

Altars:

Shops:
D:2 ?

Annotations:
D:3 Grinder


Message History

The ball python bites you but does no damage.
The ball python constricts you. The adder bites you but does no damage.
The ball python bites you but does no damage.
The ball python constricts you. The adder bites you but does no damage.
The ball python bites you but does no damage.
The ball python constricts you. The adder bites you but does no damage.
Grinder hits you.
You writhe in agony.
The ball python bites you but does no damage.
The ball python constricts you. The adder bites you but does no damage.
The ball python bites you but does no damage.
The ball python constricts you. Grinder hits you.
The adder bites you but does no damage.
You can move again.
You slash Grinder!
Grinder is lightly wounded.
You hit the adder but do no damage. You slash the ball python!
You kill the ball python!
The adder bites you but does no damage. Grinder hits you but does no damage.
You barely miss Grinder.
Grinder is lightly wounded.
You barely miss the adder. The adder barely misses you.
You block Grinder's attack. The adder bites you.
* * * LOW HITPOINT WARNING * * *
You are poisoned.
The adder poisons you!
You hit Grinder.
Grinder is moderately wounded.
You slash the adder!
You kill the adder!
You feel sick. Grinder hits you but does no damage.
You slash Grinder!
Grinder is heavily wounded.
You feel sick. Grinder hits you.
* * * LOW HITPOINT WARNING * * *
You writhe in agony.
* * * LOW HITPOINT WARNING * * *
You block Grinder's attack.
It was a potion of magic.
Magic courses through your body.
You die...

#.........##..............
#.........##..............
#..............†..........
##.......<.#..............
#.<.......##..............
#.....(....##.(.......##..
#..........###.....#.####.
#.........†#########.## ##
#.......5@.....## ...# #
##.......##.....###....###
##.....##...........#....
########....>..###.#....
########.............###
...S....#.......##..# #
......S.#..........# ##
...S......†......#.####.
...........[...#....##..


You could see Grinder.

Vanquished Creatures
  5 adders
  A worm (D:2)
  4 dart slugs
  2 bats
  2 endoplasms
  3 giant cockroaches
  6 hobgoblins
  2 jackals (D:2)
  3 kobolds
  2 quokkas
  8 ball pythons
  2 frilled lizards
  6 goblins
  3 rats
49 creatures vanquished.

Notes
Turn   | Place    | Note
-------+----------+-------------------------------------------
     0 | D:1      | MiltankisOP the Hill Orc Fighter began the quest for the
                  | Orb.
     0 | D:1      | Reached XP level 1. HP: 19/19 MP: 1/1
   121 | D:1      | Reached skill level 3 in Axes
   178 | D:1      | Reached XP level 2. HP: 24/26 MP: 2/2
   236 | D:1      | Reached skill level 4 in Axes
   576 | D:2      | Reached XP level 3. HP: 25/31 MP: 3/3
   719 | D:2      | Reached skill level 5 in Axes
  1098 | D:2      | Found Otiyqoed's Magic Scroll Boutique.
  1111 | D:2      | Reached XP level 4. HP: 26/39 MP: 4/4
  1220 | D:2      | Bought a scroll of identify for 20 gold pieces
  1220 | D:2      | Bought a scroll of amnesia for 35 gold pieces
  1331 | D:2      | Found a faded altar of an unknown god.
  1532 | D:3      | Reached skill level 6 in Axes
  1576 | D:3      | Noticed Grinder
  1589 | D:3      | Paralysed by Grinder for 7 turns
  1599 | D:3      | HP: 1/39 [Grinder (5)]
  1600 | D:3      | Succumbed to an adder's poison

Illustrated notes

Levels and vault maps discovered:
D:1:      lemuel_arrival_lava_pool, layout_rooms
D:2:      layout_rooms, serial_shops, shop, ebering_ecumenical_altar_hall,
          minivault_24, kennysheep_generic_room_4
D:3:      layout_rooms, palyth_stone_intersect, uniq_grinder

Skill      XL: |  1  2  3  4 |
---------------+-------------+-----
Axes           | 3 4 5 6 |  6.4
Fighting       | |  3.6
Armour         | |  3.2
Shields        | |  3.2

Action                   |  1- 3 |  4- 6 || total
-------------------------+-------+-------++-------
Melee: War axe           |    78 |    49 ||   127
  Use: Potion            |       |     1 ||     1
Armor: Scale mail        |    39 |    40 ||    79
Dodge: Dodged            |    34 |    25 ||    59
Block: Buckler           |    13 |    16 ||    29
